 Dungeon Crawl Stone Soup version 0.25-a0-558-g78a2afb0af (webtiles) character file.

Game seed: 11085816851406373228, levelgen mode: deterministic

3172 Nixze the Chiller (level 9, 0/78 HPs)
             Began as a Yellow Draconian Ice Elementalist on Feb 24, 2020.
             Was a Believer of Dithmenos.
             Slain by an unseen horror (9 damage)
             ... on level 7 of the Dungeon.
             The game lasted 00:16:46 (6557 turns).

Nixze the Chiller (DrIE)                            Turns: 6557, Time: 00:16:47

Health: 0/78       AC:  8    Str: 11    XL:     9   Next: 63%
Magic:  17/17      EV: 12    Int: 19    God:    Dithmenos [**....]
Gold:   430        SH:  4    Dex: 11    Spells: 8/19 levels left

rFire    x . .     SeeInvis .   o - +1 rapier
rCold    + + .     Gourm    .   x - +0 buckler
rNeg     . . .     Faith    .   (armour unavailable)
rPois    .         Spirit   .   (helmet restricted)
rElec    .         Reflect  .   (no cloak)
rCorr    +         Harm     .   E - +0 pair of gloves
MR       .....                  (no boots)
Stlth    ++........             g - amulet of regeneration
HPRegen  0.63/turn              n - ring of protection from cold
MPRegen  0.15/turn              h - ring of ice

@: short of breath, wreathed by umbra
A: spit acid, unfitting armour, cold-blooded, acid resistance, AC +7
a: Breathe Acid, Shadow Step, Renounce Religion


You were on level 7 of the Dungeon.
You worshipped Dithmenos.
Dithmenos was pleased with you.
You were not hungry.

You visited 1 branch of the dungeon, and saw 7 of its levels.

You collected 430 gold pieces.

Inventory:

Hand Weapons
 o - a +1 rapier (weapon)
 q - a +2 club
 K - a +2 scimitar of flaming
Missiles
 d - 3 silver javelins (quivered)
Armour
 x - a +0 buckler (worn)
 E - a +0 pair of gloves (worn)
Magical Staves
 B - an uncursed staff of energy
Jewellery
 a - a +3 ring of evasion
 g - an amulet of regeneration (around neck)
 h - a ring of ice (right hand)
 n - a ring of protection from cold (left hand)
 w - an uncursed ring of positive energy
 F - an uncursed ring of protection from cold
 G - an uncursed amulet of the acrobat {unknown}
Wands
 y - a wand of disintegration (4)
 I - a wand of digging (4)
Scrolls
 c - a scroll of fog {unknown}
 f - 2 scrolls of teleportation {unknown}
 i - 2 scrolls of enchant weapon
 k - 2 scrolls of identify
 l - a scroll of blinking
 m - a scroll of noise {unknown}
 r - a scroll of fear {unknown}
 s - a scroll of amnesia {unknown}
 v - a scroll of magic mapping {unknown}
 J - a scroll of remove curse
Potions
 e - 4 potions of mutation
 j - a potion of ambrosia
 p - 3 potions of brilliance
 t - 3 potions of degeneration
 u - 4 potions of flight
 z - 3 potions of curing
 A - a potion of invisibility {unknown}
 D - a potion of haste {unknown}
 H - 2 potions of might {unknown}
Comestibles
 b - 12 rations
 C - 5 chunks of flesh


   Skills:
 + Level 6.4 Fighting
 * Level 6.0 Short Blades
 - Level 1.7 Dodging
 - Level 1.7 Stealth
 - Level 4.0 Shields
 + Level 5.9 Spellcasting
 + Level 2.6 Conjurations
 + Level 2.2 Charms
 + Level 7.3 Ice Magic


You had 8 spell levels left.
You knew the following spells:

 Your Spells              Type           Power        Failure   Level  Hunger
a - Freeze                Ice            ####         1%          1    None
b - Frozen Ramparts       Ice            ######       1%          3    ##.....
c - Ozocubu's Armour      Chrm/Ice       #####...     4%          3    ##.....
d - Hailstorm             Conj/Ice       #####...     14%         4    ####...

Your spell library contained the following spells:

 Spells                   Type           Power        Failure   Level  Hunger
 Summon Ice Beast         Ice/Summ       ####....     26%         4    ####...


Dungeon Overview and Level Annotations

Branches:
Dungeon (7/15)             Temple (0/1) D:6

Altars:
Cheibriados
Dithmenos
Wu Jian
The Shining One

Shops:
D:6 :


Innate Abilities, Weirdness & Mutations

You can spit globs of acid.
Your golden yellow scales are hard. (AC +7)
You cannot fit into any form of body armour.
You are cold-blooded and may be slowed by cold attacks.
You are resistant to acid. (rCorr)


Message History

Okay, then.
Casting: Ozocubu's Armour (safe; 4% risk of failure)
Confirm with . or Enter, or press ? or * to list all spells.
Okay, then.
You are confused.
You feel invigorated. Something hits you.
* * * LOW HITPOINT WARNING * * *
Something hits you.
* * * LOW HITPOINT WARNING * * *
You're too confused to move!
Something hits you.
* * * LOW HITPOINT WARNING * * *
Something hits you.
* * * LOW HITPOINT WARNING * * *
You bump into the stone wall.
Something completely misses you. Something hits you.
* * * LOW HITPOINT WARNING * * *
You bump into the stone wall.
You feel less invigorated.
You feel less confused. Something hits you!
You die...

#.# #.# #.# #.#
#..## #.#
#)####+.+####.
#...#)).)........
#..###.####).+####
#. ...#..'#)#
.....#/).#)#
.......#$(.#@#
##.#########.#####
..# ...#.....# ##
#.#####.#
#...#...#
###.#.### #.....#
###.#.### #...#...


There were no monsters in sight!

Vanquished Creatures
  An ugly thing (D:7)
  Maggie (D:7)
  Eustachio (D:5)
  Menkaure (D:6)
  2 sky beasts
  2 ice beasts
  An orc warrior (D:7)
  2 eyes of draining (D:7)
  A phantom (D:7)
  2 black bears (D:6)
  3 ogres
  2 bullfrogs (D:6)
  A scorpion (D:4)
  A howler monkey (D:4)
  2 crimson imps
  4 orc wizards
  2 hounds
  2 orc priests
  2 iguanas (D:4)
  A centaur skeleton (D:6)
  7 worker ants
  A killer bee zombie (D:6)
  2 hound skeletons
  Robin (D:2)
  4 gnolls (D:5)
  9 adders
  A shadow imp (D:6)
  3 oozes
  An adder zombie (D:5)
  A worm (D:2)
  An adder skeleton (D:4)
  2 dart slugs
  5 leopard geckos
  15 orcs
  9 bats
  4 giant cockroaches
  2 hobgoblins
  A quokka (D:4)
  6 frilled lizards
  13 goblins
  A jackal skeleton (D:4)
  4 kobolds
  4 rats
131 creatures vanquished.

Vanquished Creatures (others)
  An orc wizard (D:7)
1 creature vanquished.

Grand Total: 132 creatures vanquished

Notes
Turn   | Place    | Note
-------+----------+-------------------------------------------
     0 | D:1      | Nixze the Draconian Ice Elementalist began the quest for
                  | the Orb.
     0 | D:1      | Reached XP level 1. HP: 14/14 MP: 3/3
   302 | D:1      | Reached XP level 2. HP: 13/22 MP: 0/5
   371 | D:1      | Reached skill level 1 in Fighting
   911 | D:2      | Reached XP level 3. HP: 28/28 MP: 2/6
  1048 | D:2      | Noticed Robin
  1080 | D:1      | Learned a level 3 spell: Frozen Ramparts
  1089 | D:2      | Killed Robin
  1766 | D:2      | Reached XP level 4. HP: 28/36 MP: 0/8
  2022 | D:2      | Learned a level 3 spell: Ozocubu's Armour
  2396 | D:3      | Reached XP level 5. HP: 41/42 MP: 6/9
  2509 | D:3      | Found an ornate altar of the Wu Jian Council.
  2512 | D:3      | Found a snail-covered altar of Cheibriados.
  2513 | D:3      | Found a shadowy altar of Dithmenos.
  2652 | D:3      | Became a worshipper of Dithmenos the Shadowed
  2758 | D:4      | Reached skill level 1 in Shields
  2824 | D:4      | Noticed an ogre
  2831 | D:4      | Killed an ogre
  2831 | D:4      | Reached skill level 1 in Short Blades
  2831 | D:4      | Reached skill level 5 in Ice Magic
  2831 | D:4      | Reached XP level 6. HP: 51/51 MP: 1/11
  3306 | D:4      | Found a glowing golden altar of the Shining One.
  3366 | D:4      | Your scales start taking on a golden yellow colour.
  3366 | D:4      | Reached XP level 7. HP: 56/57 MP: 7/12
  3366 | D:4      | Gained mutation: You are resistant to acid. (rCorr) [Yellow
                  | Draconian growth]
  3555 | D:5      | Entered Level 5 of the Dungeon
  3787 | D:5      | Reached * piety under Dithmenos
  3799 | D:5      | Noticed Eustachio
  4455 | D:5      | Killed Eustachio
  4455 | D:5      | Reached skill level 6 in Ice Magic
  4455 | D:5      | Reached XP level 8. HP: 67/67 MP: 1/14
  4817 | D:6      | Found a staircase to the Ecumenical Temple.
  4957 | D:6      | Noticed Menkaure
  4963 | D:6      | Killed Menkaure
  4963 | D:6      | Reached skill level 5 in Fighting
  5067 | D:6      | Reached skill level 5 in Spellcasting
  5564 | D:6      | Learned a level 4 spell: Hailstorm
  5655 | D:6      | Found Reoludwu's Book Emporium.
  5937 | D:7      | Noticed Maggie
  6050 | D:7      | Killed Maggie
  6050 | D:7      | Reached skill level 1 in Conjurations
  6050 | D:7      | Reached skill level 1 in Charms
  6050 | D:7      | Reached XP level 9. HP: 55/75 MP: 4/17
  6060 | D:7      | Reached skill level 5 in Short Blades
  6326 | D:7      | Noticed a brown ugly thing
  6338 | D:7      | Reached skill level 7 in Ice Magic
  6343 | D:7      | Killed a brown ugly thing
  6376 | D:7      | Reached ** piety under Dithmenos
  6557 | D:7      | Slain by an unseen horror

Levels and vault maps discovered:
D:1:      lemuel_arrival_broad_hall, layout_basic, minmay_misc_feat_square,
          minmay_box_of_dots
D:2:      layout_loops_ring, nrook_campfire, uniq_robin
D:3:      layout_rooms, minitemple, first_ration
D:4:      minmay_inner_zag, layout_cave_pools, overflow_temple_1_default
D:5:      layout_cave_pods, hangedman_decor_growths, serial_bayou_lagoon_b,
          uniq_eustachio
D:6:      layout_basic, minmay_temple_entry_statues_pillars, serial_shops, shop,
          uniq_menkaure
D:7:      layout_rooms, minmay_the_grid_2x2 [minmay_the_grid_expand,
          minmay_the_grid_stretched_grid, minmay_the_grid_paths,
          minmay_the_grid_prize_four_corners], uniq_maggie, uniq_pikel

Skill      XL: |  1  2  3  4  5  6  7  8  9 |
---------------+----------------------------+-----
Fighting       | 1 2 3 4 5 6 |  6.4
Spellcasting   | 3 4 5 |  5.9
Shields        | 2 3 4 |  4.0
Short Blades   | 1 2 3 4 6 |  6.0
Ice Magic      | 5 6 7 |  7.3
Conjurations   | 1 2 |  2.6
Charms         | 1 2 |  2.2
Dodging        | |  1.7
Stealth        | |  1.7

Action                   |  1- 3 |  4- 6 |  7- 9 || total
-------------------------+-------+-------+-------++-------
Melee: Unarmed           |    14 |       |       ||    14
       Tailslap          |     3 |     4 |    11 ||    18
       Dagger            |     1 |       |       ||     1
       Rapier            |     6 |    14 |   163 ||   183
 Cast: Freeze            |    55 |    62 |    71 ||   188
       Frozen Ramparts   |     4 |     3 |    19 ||    26
       Ozocubu's Armour  |       |       |     6 ||     6
 Abil: Breathe Acid      |       |       |     4 ||     4
  Use: Scroll            |       |     9 |     1 ||    10
       Potion            |       |       |     2 ||     2
 Stab: Sleeping          |       |     1 |       ||     1
  Eat: Chunk             |     3 |     6 |    12 ||    21
Armor: Skin              |    12 |    23 |    80 ||   115
Dodge: Dodged            |    50 |    38 |   137 ||   225
Block: Buckler           |       |     5 |    49 ||    54

Table legend:
 A = Non-vault XP
 B = Vault XP
 C = Vault XP percentage of total XP
 D = Non-vault monster count
 E = Vault monster count
 F = Vault count percentage of total count
                 A         B        C        D         E       F
            +---------+---------+-------+---------+---------+-------
      Total |    2660 |    1872 |  41.3 |     110 |      22 |  16.7
            +---------+---------+-------+---------+---------+-------
        D:1 |      23 |       6 |  20.7 |      14 |       4 |  22.2
        D:2 |      44 |      26 |  37.1 |      12 |       7 |  36.8
        D:3 |     106 |       0 |   0.0 |      18 |       0 |   0.0
        D:4 |     551 |      40 |   6.8 |      15 |       2 |  11.8
        D:5 |     627 |     197 |  23.9 |      21 |       1 |   4.5
        D:6 |     719 |     175 |  19.6 |      15 |       1 |   6.2
        D:7 |     590 |    1428 |  70.8 |      15 |       7 |  31.8
            +---------+---------+-------+---------+---------+-------
